 Dungeon Crawl Stone Soup version 0.30.1-9-gdf580d7c3d (webtiles) character file.

Game seed: 8627814568124816896

133 bearlyready the Cudgeller (level 5, -2/30 (43) HPs)
             Began as a Gnoll Reaver on Oct 14, 2023.
             Slain by a sleepcap (19 damage)
             ... on level 4 of the Dungeon.
             The game lasted 00:03:43 (2575 turns).

bearlyready the Cudgeller (Gnoll Reaver)            Turns: 2575, Time: 00:03:44

HP:   -2/30 (43)    AC:  3    Str: 11    XL:     5   Next: 16%
MP:   12/12         EV:  2    Int: 15    God:
Gold: 165           SH:  0    Dex: 10    Spells: 11/14 levels left

rFire   + + .        y - +2 hand axe (flame)
rCold   + . .        (no shield)
rNeg    . . .        b - +0 leather armour
rPois   .            n - +0 hat
rElec   .            t - scarf {rC+ rF+}
rCorr   .            (no gloves)
SInv    .            (no boots)
Will    .....        (no amulet)
Stlth   +            m - +5 ring of evasion
HPRegen 0.25/turn    q - ring of protection from fire
MPRegen 0.13/turn

%: no passive effects
@: sleeping, very heavily drained
A: fangs 1, strong nose, distributed training
a: no special abilities


You were on level 4 of the Dungeon.
You visited 1 branch of the dungeon, and saw 4 of its levels.

You collected 165 gold pieces.

Inventory:

Hand Weapons
 a - a +0 mace
 v - a +0 flail
 y - a +2 hand axe of flaming (weapon)
Missiles
 i - 4 boomerangs
Armour
 b - a +0 leather armour (worn)
 n - a +0 hat (worn)
 t - a scarf of resistance (worn)
Magical Staves
 h - a staff of poison
Jewellery
 m - a +5 ring of evasion (left hand)
 q - a ring of protection from fire (right hand)
 u - an amulet of magic regeneration
Wands
 w - a wand of roots (11)
Scrolls
 f - 3 scrolls of fog
 g - a scroll of enchant armour
 l - 2 scrolls of amnesia
 r - a scroll of enchant weapon
 s - a scroll of teleportation
Potions
 d - a potion of mutation
 e - a potion of might {unknown}
 j - 2 potions of heal wounds
 k - 4 potions of curing {unknown}
 o - 2 potions of brilliance {unknown}
 p - a potion of resistance {unknown}
 x - a potion of attraction {unknown}


   Skills:
 + Level 4.7 Fighting
 + Level 1.4 Short Blades
 + Level 1.4 Long Blades
 + Level 1.4 Axes
 + Level 6.7 Maces & Flails
 + Level 1.4 Polearms
 + Level 1.4 Staves
 + Level 1.4 Ranged Weapons
 + Level 1.4 Throwing
 + Level 1.4 Armour
 + Level 4.7 Dodging
 + Level 1.4 Stealth
 + Level 1.4 Shields
 + Level 1.4 Unarmed Combat
 + Level 5.2 Spellcasting
 + Level 5.5 Conjurations
 + Level 1.1 Hexes
 + Level 1.1 Summonings
 + Level 1.1 Necromancy
 + Level 1.1 Translocations
 + Level 1.1 Transmutations
 + Level 1.1 Fire Magic
 + Level 1.1 Ice Magic
 + Level 1.1 Air Magic
 + Level 1.1 Earth Magic
 + Level 1.1 Poison Magic
 + Level 1.6 Invocations
 + Level 1.4 Evocations


You had 11 spell levels left.
You knew the following spells:

 Your Spells              Type           Power      Damage    Failure   Level
a - Kiss of Death         Conj/Necr      52%        2d9       5%          1
b - Momentum Strike       Conj/Tloc      26%        3d8       9%          2

Your spell library contained the following spells:

 Spells                   Type           Power      Damage    Failure   Level
 Magic Dart               Conj           80%        1d7       2%          1
 Hailstorm                Conj/Ice       13%        3d5       16%         3
 Call Imp                 Summ           14%        N/A       21%         2
 Mephitic Cloud           Conj/Pois/Air  11%        N/A       22%         3
 Confusing Touch          Hex            7%         N/A       36%         3
 Dispel Undead            Necr           7%         3d8       78%         4


Dungeon Overview and Level Annotations

Branches:
Dungeon (4/15)
 Temple: D:4-7

Altars:
Fedhas

Annotations:
D:3 3 runed translucent doors, sigtrap's ghost, amateur SpBr


Innate Abilities, Weirdness & Mutations

You have very sharp teeth.
Your uncanny sense of smell can sniff out nearby items.
Your experience applies equally to all skills.


Message History

As you read the scroll of identify, it crumbles to dust.
j - 2 potions of heal wounds
Found a glowing short sword.
You see here a +0 short sword of speed.
You hear the slow hiss of a distant avalanche of sand.
A ball python comes into view.
The ball python hisses angrily.
The ball python closely misses you. The ball python misses you.
You hit the ball python. You burn the ball python.
You kill the ball python!
No target in view!
You see here a +0 short sword.
You see here a +0 robe.
A goblin comes into view. It is wielding a +0 dagger.
The helpless goblin fails to defend itself.
You hit the goblin. You burn the goblin.
The goblin is severely wounded.
The goblin hits you but does no damage. The goblin barely misses you.
You hit the goblin. You burn the goblin.
You kill the goblin!
Things that are here:
a +0 dagger; a goblin corpse You hear the slow hiss of a very distant avalanche of sand.
Found a ring mail.
You see here a +0 ring mail.
Found a stone staircase leading down.
You hear the slow hiss of a very distant avalanche of sand.
You see here a +0 robe.
A goblin and a sleepcap come into view.
The goblin shouts!
The goblin barely misses you.
You barely miss the goblin. The goblin completely misses you.
You hit the sleepcap but do no damage. You barely miss the goblin.
The goblin hits you with a +0 club. The sleepcap releases spores at you.
The goblin closely misses you. The sleepcap releases spores at you.
You are engulfed in a cloud of soporific spores!
You fall asleep.
The goblin barely misses you. The sleepcap releases spores at you!!
Ouch! That really hurt!
You die...

#.# #.# #.# #.# # #.#
##.## #
#.#######...###### #
#.##.............# #
#.##.####)..####.# #
#)##.# ##.## #
#####.##.#####.#####.#
..[.............@g...#
.####...#........f....#
.# #...........#####.#
)# ###.#.#.##...# .#
#.#.#......# .####
#.#.###....# ....#
#.#)......### ###.#
#.#.......... #.#
#.#......)..


You could see a sleepcap and a goblin.

Vanquished Creatures
  Terence (D:3)
  4 adders
  2 worms
  A dart slug (D:3)
  4 orcs (D:3)
  4 ball pythons
  6 endoplasms
  2 giant cockroaches (D:2)
  8 goblins
  5 hobgoblins
  4 quokkas
  2 bats
  4 frilled lizards
  7 kobolds
  3 rats
57 creatures vanquished.

Notes
Turn   | Place    | Note
-------+----------+-------------------------------------------
     0 | D:1      | bearlyready the Gnoll Reaver began the quest for the Orb.
     0 | D:1      | Reached XP level 1. HP: 20/20 MP: 6/6
   330 | D:1      | Reached XP level 2. HP: 26/26 MP: 7/7
   965 | D:2      | Reached skill level 5 in Spellcasting
   965 | D:2      | Reached XP level 3. HP: 25/31 MP: 7/9
   971 | D:2      | Learned a level 2 spell: Momentum Strike
  1005 | D:2      | Reached skill level 1 in Invocations
  1506 | D:2      | Reached skill level 1 in Short Blades
  1506 | D:2      | Reached skill level 1 in Long Blades
  1506 | D:2      | Reached skill level 1 in Axes
  1506 | D:2      | Reached skill level 1 in Polearms
  1506 | D:2      | Reached skill level 1 in Staves
  1506 | D:2      | Reached skill level 1 in Ranged Weapons
  1506 | D:2      | Reached skill level 1 in Throwing
  1506 | D:2      | Reached skill level 1 in Armour
  1506 | D:2      | Reached skill level 1 in Stealth
  1506 | D:2      | Reached skill level 1 in Shields
  1506 | D:2      | Reached skill level 1 in Unarmed Combat
  1506 | D:2      | Reached skill level 1 in Evocations
  1538 | D:2      | Found a blossoming altar of Fedhas.
  1775 | D:3      | Reached XP level 4. HP: 31/37 MP: 11/11
  2087 | D:3      | Noticed Terence
  2103 | D:3      | Killed Terence
  2104 | D:3      | Reached skill level 1 in Hexes
  2104 | D:3      | Reached skill level 1 in Summonings
  2104 | D:3      | Reached skill level 1 in Necromancy
  2104 | D:3      | Reached skill level 1 in Translocations
  2104 | D:3      | Reached skill level 1 in Transmutations
  2104 | D:3      | Reached skill level 1 in Fire Magic
  2104 | D:3      | Reached skill level 1 in Ice Magic
  2104 | D:3      | Reached skill level 1 in Air Magic
  2104 | D:3      | Reached skill level 1 in Earth Magic
  2104 | D:3      | Reached skill level 1 in Poison Magic
  2118 | D:3      | Reached XP level 5. HP: 10/29 MP: 10/12
  2236 | D:3      | Found a runed translucent gate.
  2237 | D:3      | Noticed sigtrap's ghost (amateur SpBr)
  2244 | D:3      | Found a runed translucent gate.
  2245 | D:3      | Found a runed translucent gate.
  2246 | D:3      | Identified the +12 sling "Ynaudes" {heavy, rPois Int+4
                  | Stlth+}
  2575 | D:4      | Slain by a sleepcap

Illustrated notes

Levels and vault maps discovered:
D:1:      dpeg_arrival_shrine, layout_basic, supply_closet_lemuel,
          minmay_tiny_reverse_x
D:2:      layout_loops_cross, basic_altar, kennysheep_cross_room,
          minmay_heptomino_d4
D:3:      layout_rooms, biasface_ghost_orc_armoury, uniq_terence
D:4:      layout_loops_ring, enter_ossuary_5

Skill      XL: |  1  2  3  4 |
---------------+-------------+-----
Spellcasting   | 5 |  5.2
Invocations    | 1 |  1.6
Short Blades   | 1 |  1.4
Long Blades    | 1 |  1.4
Axes           | 1 |  1.4
Polearms       | 1 |  1.4
Staves         | 1 |  1.4
Ranged Weapons | 1 |  1.4
Throwing       | 1 |  1.4
Armour         | 1 |  1.4
Stealth        | 1 |  1.4
Shields        | 1 |  1.4
Unarmed Combat | 1 |  1.4
Evocations     | 1 |  1.4
Hexes          | 1 |  1.1
Summonings     | 1 |  1.1
Necromancy     | 1 |  1.1
Translocations | 1 |  1.1
Transmutations | 1 |  1.1
Fire Magic     | 1 |  1.1
Ice Magic      | 1 |  1.1
Air Magic      | 1 |  1.1
Earth Magic    | 1 |  1.1
Poison Magic   | 1 |  1.1
Fighting       | |  4.7
Maces & Flails | |  6.7
Dodging        | |  4.7
Conjurations   | |  5.5

Action                     |  1- 3 |  4- 6 || total
---------------------------+-------+-------++-------
  Melee: Mace              |   105 |    26 ||   131
         Bite              |     9 |     6 ||    15
         Punch             |     2 |     1 ||     3
         Flail             |       |    35 ||    35
         Hand axe          |       |    13 ||    13
   Cast: Kiss of Death     |     1 |     3 ||     4
         Momentum Strike   |       |     1 ||     1
    Use: Scroll            |       |     7 ||     7
   Stab: Sleeping          |       |     1 ||     1
 Armour: Leather armour    |    11 |    12 ||    23
  Dodge: Dodged            |    74 |    61 ||   135
